 Dungeon Crawl Stone Soup version 0.27.1 (webtiles) character file.

Game seed: 5413541341379802068

1 jjjooommmill the Grave Robber (level 1, 13/13 HPs)
             Began as a Human Necromancer on Sept 5, 2021.
             Quit the game on level 1 of the Dungeon.
             The game lasted 00:06:35 (92 turns).

jjjooommmill the Grave Robber (Human Necromancer)     Turns: 92, Time: 00:06:36

Health: 13/13      AC:  2    Str:  8    XL:     1   Next: 22%
Magic:  3/3        EV: 12    Int: 15    God:
Gold:   0          SH:  0    Dex: 13    Spells: 2/4 levels left

rFire    . . .     SeeInvis .   (no weapon)
rCold    . . .     Faith    .   (no shield)
rNeg     . . .     Spirit   .   a - +0 robe
rPois    .         Reflect  .   (no helmet)
rElec    .         Harm     .   (no cloak)
rCorr    .         Rampage  .   (no gloves)
Will     .....                  (no boots)
Stlth    ++........             (no amulet)
HPRegen  0.04/turn              (no ring)
MPRegen  0.08/turn              (no ring)

@: no status effects
A: no striking features
a: no special abilities


You were on level 1 of the Dungeon.
You visited 1 branch of the dungeon, and saw 1 of its levels.

Inventory:

Armour
 a - a +0 robe (worn)


   Skills:
 + Level 2.0 Dodging
 + Level 2.0 Stealth
 + Level 2.0 Spellcasting
 + Level 4.0 Necromancy


You had 2 spell levels left.
You knew the following spells:

 Your Spells              Type           Power      Damage    Failure   Level
a - Pain                  Necr           52%        1d6       4%          1
b - Animate Skeleton      Necr           26%        N/A       4%          1

Your spell library contained the following spells:

 Spells                   Type           Power      Damage    Failure   Level
 Sting                    Tmut/Pois      4%         1d3       22%         1
 Poisonous Vapours        Pois/Air       2%         N/A       32%         2
 Vampiric Draining        Necr           6%         2d6       13%         3
 Animate Dead             Necr           6%         N/A       38%         4
 Agony                    Necr           13%        N/A       75%         5
 Olgreb's Toxic Radiance  Pois           1%         N/A       91%         4


Dungeon Overview and Level Annotations

Branches:
Dungeon (1/15)

Altars:


Message History

Cast which spell? (? or * to list)
Aiming: Pain (safe; 4% risk of failure)
Press: ? - help, Shift-Dir - straight line, f - giant cockroach
Aim: a giant cockroach (asleep, chance to affect: 83%)
The giant cockroach barely resists.
The giant cockroach closely misses you.
Casting: Pain (safe; 4% risk of failure)
Confirm with . or Enter, or press ? or * to list all spells.
Okay, then.
Casting: Pain (safe; 4% risk of failure)
Confirm with . or Enter, or press ? or * to list all spells.
Aiming: Pain (safe; 4% risk of failure)
Press: ? - help, Shift-Dir - straight line, f/p - giant cockroach
Aim: a giant cockroach (chance to affect: 83%)
The giant cockroach barely resists.
The giant cockroach barely misses you. The giant cockroach closely misses you.
Casting: Pain (safe; 4% risk of failure)
Confirm with . or Enter, or press ? or * to list all spells.
Aiming: Pain (safe; 4% risk of failure)
Press: ? - help, Shift-Dir - straight line, f/p - giant cockroach
Aim: a giant cockroach (chance to affect: 83%)
The giant cockroach writhes in agony.
You kill the giant cockroach!
You see here a giant cockroach corpse.
You see here a giant cockroach corpse.
You see here a giant cockroach corpse.
You see here a giant cockroach corpse.
Press: ? - help, v - describe, . - travel, g - get item Item here: a giant cockroach corpse.
The floor.
Unknown command.
Magic restored.
HP restored.
Found a Young Poisoner's Handbook.
You pick up a Young Poisoner's Handbook and begin reading...
You add the spells Sting, Poisonous Vapours and Olgreb's Toxic Radiance to your library.
Memorise Sting, consuming 1 spell level and leaving 1?
Okay, then.
You see here a giant cockroach corpse.
You see here a giant cockroach corpse.
Are you sure you want to abandon this character and quit the game? (Confirm with "yes".)

#.#########
#..........
#..........
#..........
#.######### #.#
#...########### #.#
#...#8≈≈≈≈≈≈≈8#
#.###.#.#.........#
#.@...#.#.........#
#.##..#.'....8...<#
#.###.#.'....8....#
#.# #.#.#.........#
#.# #.#.#....§§§..#
#.# #...#8≈≈§§≈§≈8#
... ....###########
... ..... .....###


There were no monsters in sight!

Vanquished Creatures
  A giant cockroach (D:1)
1 creature vanquished.

Notes
Turn   | Place    | Note
-------+----------+-------------------------------------------
     0 | D:1      | jjjooommmill the Human Necromancer began the quest for the
                  | Orb.
     0 | D:1      | Reached XP level 1. HP: 13/13 MP: 3/3
    18 | D:1      | Learned a level 1 spell: Animate Skeleton
    92 | D:1      | Quit the game

Illustrated notes

Levels and vault maps discovered:
D:1:      lightli_arrival_noodles, layout_basic,
          hellmonk_ecumenical_altar_prayer_group, st_stairs_11, hex_tiny

Action                   || total
-------------------------++-------
 Cast: Pain              ||     3
Dodge: Dodged            ||     3
